 Dungeon Crawl Stone Soup version 0.20.1-1-g8b1a95d (webtiles) character file.

163932 OneorTwo the Warrior (level 18, -4/123 HPs)
             Began as a Kobold Berserker on July 30, 2017.
             Was an Elder of Trog.
             Slain by an alligator snapping turtle (35 damage)
             ... on level 4 of the Shoals on July 31, 2017.
             The game lasted 03:57:01 (39511 turns).

OneorTwo the Warrior (Kobold Berserker)            Turns: 39511, Time: 03:57:01

Health: -4/123     AC: 31    Str: 33    XL:     18   Next: 47%
Magic:  37/37      EV: 22    Int: 13    God:    Trog [****..]
Gold:   1754       SH:  4    Dex: 20    Spells: 17/17 levels left

rFire    + . .     SeeInvis +   a - +9 short sword of Evil {freeze, rElec rPois rF+ Dex+4}
rCold    . . .     Gourm    .   (shield restricted)
rNeg     . . .     Faith    .   I - +6 plate armour "Seetzox" {-Cast Int+5}
rPois    +         Spirit   .   l - +1 hat
rElec    +         Reflect  +   U - +1 cloak of the Sacrificial Victim {rElec Int-2 SInv}
rCorr    .         Harm     .   J - +0 pair of gloves
MR       +....     Clarity  +   V - +1 pair of boots Stlth ..........NoCast +
                                n - +4 amulet of reflection
Regen    0.3/turn               B - ring "Roykubb" {rPois Str+2 Int+4 SInv}
MPRegen  0.3/turn               N - ring "Basm" {rElec MP+9 Str+5 SInv Stlth-}

@: mighty, barbed spikes
A: talons 1, slimy green scales 1, carnivore 3, clarity, dopey 1, mutation
resistance 1, MP-powered wands
a: Berserk, Trog's Hand, Brothers in Arms, Burn Spellbooks, Renounce Religion


You were on level 4 of the Shoals.
You worshipped Trog.
Trog was greatly pleased with you.
You were very full.

You visited 5 branches of the dungeon, and saw 28 of its levels.
You also visited: Labyrinth and Ossuary.

You collected 2720 gold pieces.
You spent 966 gold pieces at shops.

Inventory:

Hand Weapons
 a - the +9 short sword of Evil (weapon) {freeze, rElec rPois rF+ Dex+4}
   (You found it on level 4 of the Dungeon)

   It has been specially enchanted to freeze those struck by it, causing extra
   injury to most foes and up to half again as much damage against particularly
   susceptible opponents.
   It can also slow down cold-blooded creatures.
   It affects your dexterity (+4).
   It protects you from fire.
   It insulates you from electricity.
   It protects you from poison.
 c - a +6 arbalest
Missiles
 r - 587 stones (quivered)
 t - 317 bolts
Armour
 l - a +1 hat (worn)
 z - a +2 shield of fire resistance
 I - the +6 plate armour "Seetzox" (worn) {-Cast Int+5}
   (You bought it in a shop on level 2 of the Orcish Mines)

   It affects your intelligence (+5).
   It prevents spellcasting.
 J - a +0 pair of gloves (worn)
 U - the +1 cloak of the Sacrificial Victim (worn) {rElec Int-2 SInv}
   (You found it on level 13 of the Dungeon)

   It affects your intelligence (-2).
   It insulates you from electricity.
   It lets you see invisible.
 V - a +1 pair of boots (worn)
Jewellery
 g - an uncursed ring of protection from magic
 n - a +4 amulet of reflection (around neck)
 B - the ring "Roykubb" (left hand) {rPois Str+2 Int+4 SInv}
   (You found it in a labyrinth)

   [ring of intelligence]

   It affects your strength (+2).
   It affects your intelligence (+4).
   It protects you from poison.
   It lets you see invisible.
 N - the ring "Basm" (right hand) {rElec MP+9 Str+5 SInv Stlth-}
   (You found it on level 2 of the Lair of Beasts)

   [ring of magical power]

   It affects your strength (+5).
   It insulates you from electricity.
   It affects your magic capacity (+9).
   It lets you see invisible.
   It makes you less stealthy.
 Y - an uncursed ring of flight
Wands
 d - a wand of enslavement (8/24)
 e - a wand of paralysis (12/24)
 i - a wand of digging (0/24)
 q - a wand of paralysis (4/24)
 w - a wand of flame (20/48)
 D - a wand of flame (4/48)
 E - a wand of acid (12/15)
 F - a wand of acid (2/15)
 G - a wand of iceblast (2/15)
 K - a wand of scattershot (2/9)
 L - a wand of confusion (28/48)
 M - a wand of clouds (5/9)
 Q - a wand of flame (8/48)
 R - a wand of flame (14/48)
Scrolls
 p - 12 scrolls of remove curse
 s - 6 scrolls of enchant armour
 y - 4 scrolls of fear
 P - 6 scrolls of teleportation
 X - a scroll of summoning
Potions
 b - 3 potions of resistance
 j - 4 potions of might
 u - 5 potions of haste
 A - 4 potions of flight
 H - 5 potions of agility
 O - 2 potions of curing
 W - a potion of invisibility
Books
 v - a book of Flames

   Spells                             Type                      Level
   a - Flame Tongue                   Conjuration/Fire             1
   b - Throw Flame                    Conjuration/Fire             2
   c - Conjure Flame                  Conjuration/Fire             3
   d - Inner Flame                    Hexes/Fire                   3
   e - Sticky Flame                   Conjuration/Fire             4
   f - Fireball                       Conjuration/Fire             5
   Trog disapproves of the use of such an item.
 S - a book of the Earth

   Spells                             Type                      Level
   a - Leda's Liquefaction            Hexes/Earth                  4
   b - Bolt of Magma                  Conjuration/Fire/Earth       5
   c - Statue Form                    Transmutation/Earth          6
   d - Iron Shot                      Conjuration/Earth            6
   e - Shatter                        Earth                        9
   Trog disapproves of the use of such an item.
Miscellaneous
 x - a phantom mirror
 T - a lightning rod (1/4)
Comestibles
 f - 13 royal jellies
 C - 15 meat rations


   Skills:
 * Level 17.1 Fighting
 - Level 12.5 Short Blades
 + Level 13.5 Crossbows
 * Level 13.4 Armour
 + Level 14.3 Dodging
 + Level 13.9 Evocations


You had 17 spell levels left.
You didn't know any spells.

Dungeon Overview and Level Annotations

Branches:
Dungeon (15/15)            Temple (0/1) D:7            Lair (6/6) D:10
 Shoals (4/4) Lair:4        Snake (1/4) Lair:4        Slime (0/5) Lair:5
    Orc (2/2) D:11            Elf (0/3) Orc:2        Vaults (0/5) D:13
 Depths (0/5) D:15

Altars:
Dithmenos
Fedhas
Gozag
Nemelex Xobeh
The Shining One

Shops:
D:5 (   D:12 %   Orc:1 }   Orc:2 (:([   Shoals:4 *

Portals:
Trove: D:10 (give 5 potions of resistance)

Annotations:
D:10 exclusion: oklob plant


Innate Abilities, Weirdness & Mutations

You are small and have problems with some larger weapons.
You are carnivorous and can eat meat at any time.
You have sharp toenails.
You are partially covered in slimy green scales. (AC +2)
You possess an exceptional clarity of mind.
You are dopey. (Int -2)
You are somewhat resistant to further mutation.
You expend magic power (3 MP) to strengthen your wands.


Message History

Unknown command.
Okay, then.
You feel much better. The merfolk completely misses you.
The merfolk hits you with a trident!
* * * LOW HITPOINT WARNING * * *
The merfolk impaler closely misses you.
The merfolk hits you but does no damage.
The alligator snapping turtle bites you but does no damage.
The merfolk hits you from afar with a trident.
* * * LOW HITPOINT WARNING * * *
You impale the merfolk!! You freeze the merfolk.
You kill the merfolk!
Trog accepts your kill. The merfolk impaler misses you. The merfolk misses you.
You impale the sea snake!!
The sea snake seems to slow down.
You freeze the sea snake.
The sea snake is heavily wounded.
The merfolk misses you. You block the merfolk's attack.
The alligator snapping turtle bites you from afar!!
You die...

,≈,≈*,,,≈,,,*≈,,≈≈≈,,,≈≈≈≈≈≈≈≈≈≈≈
,≈,,**,*,*,.#≈..≈≈≈≈≈≈≈≈,≈≈≈,≈≈≈≈
,≈≈,,***####....≈≈≈≈≈≈≈≈≈≈≈,≈≈≈≈≈
≈≈≈≈,≈**#.#%.....≈≈≈≈≈≈≈≈,≈,,≈≈,,
≈≈≈≈≈,,,..........≈≈≈≈≈≈≈,≈≈,≈≈≈,
≈≈≈≈≈,,,..........≈....P,≈≈≈≈≈≈≈≈
≈≈≈,,,,,..≈≈...m.≈≈.....,,≈≈≈≈≈≈≈
≈,,,,,,,......mS........,,≈≈≈≈≈≈≈
,,**,,**##..##m.@.......,,,,≈≈≈≈≈
,,*,,,,,.....#m..$......,,,,,,≈≈≈
,,,,,,,,.......mmt......,,,,,,≈≈≈
,,,,,,,,...........$....,,,,,,,≈≈
,,*,,,,,.....#.m...PP...,,,,,,,≈≈
,,*,,,,,.....#≈≈≈≈≈P....,,,,,,≈≈≈
,,*,,,,,...≈,#≈≈≈≈≈≈P...,,,,,≈≈≈≈
,,*,,,....≈≈,#≈H≈≈PPPP..,,,,≈≈≈≈≈
,,,,,,...≈≈≈≈≈≈≈≈≈≈≈≈≈≈,,,,,≈<≈≈≈


You could see an alligator snapping turtle, 2 merfolk impalers, a merfolk
javelineer, a sea snake, 4 merfolk and a manticore.

Vanquished Creatures
  Nikola (Shoals:1)
  Polyphemus (Shoals:2)
  Frances (Shoals:2)
  Gastronok (D:10)
  Kirke (Lair:4)
  Roxanne (Shoals:1)
  Agnes (D:15)
  A nagaraja (Snake:1)
  An orc warlord (D:11)
  A balrug (Shoals:2)
  The ghost of SirMumm the Basher, a journeyman GrWz of Okawaru (Snake:1)
  The ghost of smzp the Destroyer, a journeyman DrFE of Sif Muna (Lair:5)
  3 merfolk impalers
  Josephine (D:10)
  An ettin (D:15)
  A minotaur (Lab)
  Harold (Lair:2)
  3 vault guards
  Fannar (D:10)
  5 ogre magi
  A catoblepas (Shoals:2)
  10 hydras
  An alligator snapping turtle (Shoals:2)
  5 merfolk aquamancers
  3 centaur warriors
  An anaconda (Snake:1)
  20 two-headed ogres
  10 death yaks
  An orc high priest (D:11)
  The ghost of eowindel the Covert, a journeyman SpEn of Dithmenos (Orc:1)
  The ghost of Gitz the Cleaver, a novice MiFi of Okawaru (D:8)
  A hell knight (D:15)
  9 sea snakes
  A wizard (D:14)
  2 orc knights
  A harpy (Shoals:4)
  An oklob plant (Lair:3)
  A wolf spider (D:15)
  12 ugly things
  12 manticores
  2 deep elf magi
  A mana viper (Snake:1)
  5 cyclopes
  2 salamanders (Snake:1)
  7 fauns
  12 elephants
  9 merfolk sirens
  Joseph (D:8)
  9 black mambas
  2 naga magi (Snake:1)
  4 water nymphs
  27 spiny frogs
  2 torpor snails
  3 centaur skeletons
  A gargoyle (D:13)
  3 rime drakes
  A kobold demonologist (D:14)
  11 komodo dragons
  A wind drake (Shoals:3)
  7 trolls
  3 meliai (D:13)
  A hornet (D:7)
  4 tyrant leeches
  2 polar bears
  19 merfolk
  15 blink frogs
  24 dream sheep
  17 hippogriffs
  6 snapping turtles
  Sigmund (D:4)
  7 wraiths
  A vampire (D:11)
  75 yaks
  6 water elementals
  A human (D:12)
  5 basilisks
  2 wyverns
  Grum (D:11)
  9 vampire mosquitoes
  10 hogs
  Menkaure (D:5)
  3 wargs
  6 nagas
  12 water moccasins
  22 orc warriors
  5 porcupines
  8 sky beasts
  3 ice beasts
  2 black bears
  3 phantoms
  7 wolves
  35 ogres
  13 centaurs
  8 crocodiles
  Blork the orc (D:5)
  4 big kobolds
  2 elf zombies (Ossuary)
  24 bullfrogs
  A gnoll sergeant (D:7)
  3 scorpions
  A water moccasin skeleton (D:9)
  6 killer bees (D:13)
  7 wights
  2 howler monkeys
  An electric eel (Lair:6)
  6 crimson imps
  A centaur zombie (Ossuary)
  7 jellies
  6 hounds
  2 bullfrog zombies (D:12)
  17 orc priests
  3 bullfrog skeletons
  Ijyb (D:5)
  5 iguanas
  17 orc wizards
  Natasha (D:2)
  9 worker ants
  6 hell rats (Lair:4)
  A big kobold zombie (Ossuary)
  3 mummies (Ossuary)
  7 gnolls
  A howler monkey skeleton (D:8)
  10 adders
  5 shadow imps
  An ooze (Lair:5)
  2 adder zombies
  2 worms
  2 dart slugs
  2 leopard geckos
  73 orcs
  4 ball pythons
  9 giant cockroaches
  10 goblins
  8 hobgoblins
  11 jackals
  2 quokkas
  7 bats
  4 frilled lizards
  3 gnoll zombies (Ossuary)
  6 goblin zombies (Ossuary)
  4 hobgoblin zombies (Ossuary)
  3 jackal zombies
  20 kobolds
  6 kobold zombies (Ossuary)
  A leopard gecko skeleton (D:9)
  3 orc zombies (Ossuary)
  3 quokka zombies (Ossuary)
  10 rats
  6 rat zombies (Ossuary)
  3 fungi
  4 plants
938 creatures vanquished.

Vanquished Creatures (collateral kills)
  A centaur warrior (D:13)
  An oklob plant (Lair:3)
  3 centaurs (D:13)
5 creatures vanquished.

Vanquished Creatures (others)
  A merfolk javelineer (Shoals:4)
  A human (Lair:4)
  A naga (Snake:1)
  An orc wizard (Orc:1)
  28 fungi
  45 plants
77 creatures vanquished.

Grand Total: 1020 creatures vanquished

Notes
Turn   | Place    | Note
-------+----------+-------------------------------------------
     0 | D:1      | OneorTwo the Kobold Berserker began the quest for the Orb.
     0 | D:1      | Reached XP level 1. HP: 14/14 MP: 1/1
   144 | D:1      | Reached XP level 2. HP: 19/19 MP: 2/2
   457 | D:1      | Reached skill level 4 in Fighting
   457 | D:1      | Reached XP level 3. HP: 24/24 MP: 3/3
  1023 | D:1      | Reached ** piety under Trog
  1238 | D:2      | Found a faded altar of an unknown god.
  1349 | D:2      | Reached XP level 4. HP: 18/30 MP: 4/4
  1540 | D:2      | Noticed Natasha
  1613 | D:2      | Killed Natasha
  1613 | D:2      | Reached skill level 5 in Short Blades
  1928 | D:3      | Reached XP level 5. HP: 34/34 MP: 4/5
  2112 | D:3      | Reached skill level 5 in Fighting
  2999 | D:3      | Reached *** piety under Trog
  3550 | D:3      | Reached XP level 6. HP: 21/40 MP: 5/6
  3982 | D:4      | Noticed Sigmund
  4220 | D:4      | Got a fine short sword
  4221 | D:4      | Identified the +9 short sword of Evil {freeze, rElec rPois rF+ Dex+4} (You found it on level 4 of the Dungeon)
  4653 | D:5      | Entered Level 5 of the Dungeon
  4657 | D:5      | Noticed Blork the orc
  4668 | D:5      | Killed Blork the orc
  4668 | D:5      | Reached XP level 7. HP: 45/45 MP: 7/7
  4776 | D:5      | Noticed Ijyb
  4786 | D:5      | Killed Ijyb
  4987 | D:5      | Found Erhyth's Antique Weapon Shoppe.
  5051 | D:5      | Reached skill level 6 in Fighting
  5207 | D:5      | Noticed Menkaure
  5238 | D:5      | Killed Menkaure
  5238 | D:5      | Reached skill level 1 in Evocations
  5238 | D:5      | Reached XP level 8. HP: 51/51 MP: 8/8
  5270 | D:5      | Gained mutation: You expend magic power (3 MP) to strengthen your wands. [mutagenic meat]
  5271 | D:5      | Gained mutation: You have sharp toenails. [mutagenic meat]
  5272 | D:5      | Gained mutation: You are dopey. (Int -2) [mutagenic meat]
  5888 | D:5      | Bought a runed arbalest for 210 gold pieces
  6116 | D:6      | Reached skill level 5 in Dodging
  6266 | D:6      | Reached skill level 1 in Crossbows
  6559 | D:7      | Reached XP level 9. HP: 56/56 MP: 11/11
  6615 | D:7      | Noticed a hornet
  6627 | D:7      | Killed a hornet
  6627 | D:7      | Reached skill level 7 in Fighting
  6721 | D:7      | Found a sand-covered staircase.
  6727 | Ossuary  | Entered an ossuary
  6792 | Ossuary  | Reached **** piety under Trog
  7185 | D:7      | Found a staircase to the Ecumenical Temple.
  7793 | D:8      | Noticed Gitz's ghost (novice MiFi)
  7816 | D:8      | Killed Gitz's ghost
  7816 | D:8      | Reached skill level 10 in Short Blades
  7974 | D:8      | Noticed Joseph
  7990 | D:8      | Killed Joseph
  7990 | D:8      | Reached XP level 10. HP: 64/64 MP: 13/13
  8078 | D:8      | Noticed a two-headed ogre
  8085 | D:8      | Killed a two-headed ogre
  8085 | D:8      | Reached skill level 5 in Evocations
  8447 | D:8      | Reached skill level 8 in Fighting
  8619 | D:8      | Reached skill level 5 in Crossbows
  9077 | D:4      | Reached skill level 5 in Armour
  9105 | D:4      | Killed Sigmund
  9212 | D:9      | Received a gift from Trog
  9788 | D:10     | Entered Level 10 of the Dungeon
 10157 | D:10     | Noticed Fannar
 10265 | D:10     | Found a staircase to the Lair.
 10324 | D:10     | Killed Fannar
 10324 | D:10     | Reached XP level 11. HP: 69/69 MP: 15/15
 10371 | D:10     | Noticed Josephine
 10371 | D:10     | Noticed Gastronok
 10394 | D:10     | Killed Josephine
 10394 | D:10     | Reached skill level 9 in Fighting
 10415 | D:10     | Received a gift from Trog
 10577 | D:10     | Killed Gastronok
 10848 | D:10     | Found a blossoming altar of Fedhas.
 10878 | D:10     | Noticed an oklob plant
 11413 | D:10     | Found a portal to a secret trove of treasure.
 11621 | D:11     | Found a staircase to the Orcish Mines.
 11707 | D:11     | Reached skill level 10 in Fighting
 11738 | D:11     | Noticed an eight-headed hydra
 11756 | D:11     | Killed an eight-headed hydra
 11985 | D:11     | Reached XP level 12. HP: 77/77 MP: 17/17
 12017 | D:11     | Received a gift from Trog
 12565 | D:11     | Noticed Grum
 12574 | D:11     | Killed Grum
 12703 | D:11     | Received a gift from Trog
 12783 | D:11     | Gained mutation: You possess an exceptional clarity of mind. [mutagenic meat]
 12784 | D:11     | Gained mutation: You are partially covered in slimy green scales. (AC +2) [mutagenic meat]
 12785 | D:11     | Gained mutation: You are somewhat resistant to further mutation. [mutagenic meat]
 13292 | D:12     | Noticed a two-headed ogre
 13302 | D:12     | Killed a two-headed ogre
 13489 | D:12     | Reached skill level 11 in Fighting
 13534 | D:12     | Received a gift from Trog
 13648 | D:12     | Found Maxkus's Food Shop.
 13651 | D:12     | Found an opulent altar of Gozag.
 13734 | D:12     | Received a gift from Trog
 14171 | D:13     | Received a gift from Trog
 14191 | D:12     | Reached XP level 13. HP: 80/84 MP: 19/19
 14213 | D:13     | Got a twisted cloak
 14219 | D:13     | Identified the +1 cloak of the Sacrificial Victim {rElec Int-2 SInv} (You found it on level 13 of the Dungeon)
 14956 | D:13     | Found a gate to the Vaults.
 14956 | D:13     | Noticed a vault guard
 14956 | D:13     | Noticed a vault guard
 14956 | D:13     | Noticed a vault guard
 14956 | D:13     | Noticed a vault guard
 15024 | D:12     | Killed a vault guard
 15218 | D:13     | Noticed a centaur warrior
 15640 | Lair:1   | Entered Level 1 of the Lair of Beasts
 16253 | Lair:1   | Noticed an eight-headed hydra
 16263 | Lair:1   | Noticed a seven-headed hydra
 16280 | Lair:1   | Killed a seven-headed hydra
 16280 | Lair:1   | Reached skill level 12 in Fighting
 16285 | Lair:1   | Killed an eight-headed hydra
 16285 | Lair:1   | Reached skill level 10 in Dodging
 17396 | Lair:2   | Reached ***** piety under Trog
 17598 | Lair:2   | Noticed Harold
 17615 | Lair:2   | Killed Harold
 17972 | Lair:2   | Reached XP level 14. HP: 89/92 MP: 21/21
 18027 | Lair:2   | Got a serpentine brass ring
 18029 | Lair:2   | Identified the ring "Basm" {rElec MP+9 Str+5 SInv Stlth-} (You found it on level 2 of the Lair of Beasts)
 18324 | Lair:3   | Received a gift from Trog
 19848 | Lair:3   | Reached skill level 13 in Fighting
 20118 | Lair:4   | Found a labyrinth entrance.
 20145 | Lab      | Entered a labyrinth
 20733 | Lab      | Reached skill level 10 in Evocations
 20810 | Lab      | Got a clouded platinum ring
 20817 | Lab      | Identified the ring "Roykubb" {rPois Str+2 Int+4 SInv} (You found it in a labyrinth)
 20878 | Lair:4   | Noticed Kirke
 20964 | Lair:4   | Reached skill level 10 in Crossbows
 21075 | Lair:4   | Killed Kirke
 21075 | Lair:4   | Reached skill level 10 in Armour
 21208 | Lair:4   | Found a staircase to the Snake Pit.
 21459 | Lair:4   | Found a staircase to the Shoals.
 22900 | Lair:5   | Noticed smzp's ghost (journeyman DrFE)
 23308 | Lair:5   | Killed smzp's ghost
 23308 | Lair:5   | Reached XP level 15. HP: 85/100 MP: 18/22
 23497 | Lair:5   | Found a staircase to the Slime Pits.
 23903 | Lair:6   | Entered Level 6 of the Lair of Beasts
 24150 | Lair:6   | Received a gift from Trog
 24261 | Lair:5   | Reached skill level 14 in Fighting
 24457 | Lair:6   | Received a gift from Trog
 25528 | Lair:6   | Found a glowing golden altar of the Shining One.
 25755 | Lair:6   | Received a gift from Trog
 27476 | D:13     | Reached XP level 16. HP: 104/107 MP: 24/24
 27904 | D:14     | Received a gift from Trog
 28167 | D:14     | Found a sparkling altar of Nemelex Xobeh.
 28227 | D:14     | Reached skill level 15 in Fighting
 28358 | D:14     | Found a shadowy altar of Dithmenos.
 28384 | D:14     | Received a gift from Trog
 29229 | D:15     | Entered Level 15 of the Dungeon
 29425 | D:15     | Noticed Agnes
 29441 | D:15     | Killed Agnes
 29923 | D:15     | Found a staircase to the Depths.
 30674 | Orc:1    | Entered Level 1 of the Orcish Mines
 30680 | Orc:1    | Noticed eowindel's ghost (journeyman SpEn)
 30809 | Orc:1    | Killed eowindel's ghost
 31096 | Orc:2    | Entered Level 2 of the Orcish Mines
 31102 | Orc:2    | Received a gift from Trog
 31609 | Orc:2    | Found a staircase to the Elven Halls.
 31704 | Orc:1    | Found Epauputz's Gadget Emporium.
 32349 | Orc:2    | Received a gift from Trog
 32538 | Orc:2    | Reached XP level 17. HP: 105/115 MP: 26/26
 32780 | Orc:2    | Found Pioxang's Book Emporium.
 32781 | Orc:2    | Found Xiybuojy's Antique Weapon Boutique.
 32781 | Orc:2    | Found Xejoy's Weapon Emporium.
 32781 | Orc:2    | Found Meelud's Antique Armour Shop.
 32788 | Orc:2    | Reached skill level 16 in Fighting
 32819 | Orc:2    | Bought an encrusted plate armour for 756 gold pieces
 32830 | Orc:2    | Identified the +6 plate armour "Seetzox" {-Cast Int+5} (You bought it in a shop on level 2 of the Orcish Mines)
 33530 | Snake:1  | Entered Level 1 of the Snake Pit
 33764 | Snake:1  | Received a gift from Trog
 33783 | Snake:1  | Noticed SirMumm's ghost (journeyman GrWz)
 33796 | Snake:1  | Killed SirMumm's ghost
 34259 | Snake:1  | Reached ****** piety under Trog
 34551 | Shoals:1 | Entered Level 1 of the Shoals
 34579 | Lair:4   | Received a gift from Trog
 34865 | Shoals:1 | Noticed Nikola
 34892 | Shoals:1 | Killed Nikola
 35293 | Shoals:1 | Got a steaming lapis lazuli ring
 35294 | Shoals:1 | Identified the ring of Linog {*Corrode rElec AC+2 Str+3 Int+6} (You found it on level 1 of the Shoals)
 35307 | Shoals:1 | Noticed Roxanne
 35581 | Shoals:1 | Killed Roxanne
 36400 | Shoals:2 | Identified a scroll of acquirement
 36470 | Shoals:2 | Found a transporter.
 36632 | Shoals:2 | Received a gift from Trog
 36861 | Shoals:2 | Noticed Polyphemus
 36879 | Shoals:2 | Reached XP level 18. HP: 122/122 MP: 28/28
 36895 | Shoals:2 | Killed Polyphemus
 36989 | Shoals:2 | Found a transporter.
 37119 | Shoals:2 | Noticed Frances
 37145 | Shoals:2 | Killed Frances
 37392 | Shoals:2 | Paralysed by the power of Zot for 4 turns
 37611 | Shoals:2 | Got a smoking bone ring
 37613 | Shoals:2 | Identified the ring "Irremet" {*Tele rC+ Int+2} (You found it on level 2 of the Shoals)
 37622 | Shoals:2 | Got a shimmering marble ring
 37623 | Shoals:2 | Identified the ring of Xom's Hope {Ice Stlth+} (You found it on level 2 of the Shoals)
 38051 | Shoals:3 | Received a gift from Trog
 38298 | Shoals:3 | Reached skill level 17 in Fighting
 38562 | Shoals:4 | Entered Level 4 of the Shoals
 38659 | Shoals:4 | Found Nakoy's Needful Niceties.
 39511 | Shoals:4 | Slain by an alligator snapping turtle

Skill      XL: |  1  2  3  4  5  6  7  8  9 10 11 12 13 14 15 16 17 18 |
---------------+-------------------------------------------------------+-----
Fighting       | 4 5 6 7 8 10 11 12 13 14 15 16 17 | 17.1
Short Blades   | 5 6 7 9 10 11 12 | 12.5
Dodging        | 3 4 5 6 7 8 9 10 11 12 13 14 | 14.3
Armour         | 2 3 4 5 6 8 9 10 11 12 13 | 13.4
Evocations     | 1 2 4 5 6 8 9 10 11 12 13 | 13.9
Crossbows      | 2 4 5 6 7 9 10 11 12 13 | 13.5

Action                   |  1- 3 |  4- 6 |  7- 9 | 10-12 | 13-15 | 16-18 || total
-------------------------+-------+-------+-------+-------+-------+-------++-------
Melee: Short sword       |   191 |   213 |   216 |   545 |  1299 |  1135 ||  3599
 Fire: Arbalest          |       |       |    61 |    92 |   200 |   421 ||   774
Throw: Stone             |       |       |       |       |     7 |     1 ||     8
Invok: Berserk           |     2 |     5 |     3 |     7 |    10 |     7 ||    34
       Trog's Hand       |       |     2 |     9 |    18 |    13 |     4 ||    46
       Burn Spellbooks   |       |       |     1 |       |       |       ||     1
       Brothers in Arms  |       |       |       |       |     2 |       ||     2
Evoke: Wand              |       |       |     1 |     2 |    24 |    41 ||    68
       Lightning rod     |       |       |       |       |     1 |     2 ||     3
  Use: Scroll            |       |       |    16 |     5 |    10 |    19 ||    50
       Potion            |       |       |       |       |     2 |     8 ||    10
  Eat: Chunk             |    12 |    13 |    22 |    38 |    55 |    48 ||   188
Armor: Animal skin       |    17 |    13 |       |       |       |       ||    30
       Chain mail        |       |    36 |    54 |    39 |       |       ||   129
       Plate armour      |       |       |       |    95 |   359 |   205 ||   659
       Quicksilver drago |       |       |       |       |    46 |   104 ||   150
       Skin              |       |       |       |       |     1 |       ||     1
Dodge: Dodged            |    90 |   102 |    63 |   196 |   785 |   792 ||  2028
Block: Shield            |       |       |       |       |    77 |       ||    77
       Other             |       |       |       |       |       |    24 ||    24
       Reflection        |       |       |       |       |       |     4 ||     4
